 Dungeon Crawl Stone Soup version 0.28.0-43-g3370ac3207 (webtiles) character file.

Game seed: 11222742256950090134

11727 sking99 the Grappler (level 11, 0/113 HPs)
             Began as a Troll Monk on Mar 14, 2022.
             Was an Initiate of Gozag.
             Slain by a three-headed hydra (12 damage)
             ... on level 11 of the Dungeon.
             The game lasted 00:16:25 (8195 turns).

sking99 the Grappler (Troll Monk)                   Turns: 8195, Time: 00:16:27

Health: 0/113      AC: 13    Str: 25    XL:     11   Next: 53%
Magic:  10/10      EV:  9    Int:  6    God:    Gozag
Gold:   968        SH:  0    Dex: 12    Spells: 10/10 levels left

rFire   . . .      SeeInvis .   v - +0 scimitar (flame)
rCold   . . .      Faith    .   (no shield)
rNeg    . . .      Spirit   .   o - +0 swamp dragon scales
rPois   +          Reflect  .   n - +2 hat
rElec   .          Harm     .   g - scarf {+Inv}
rCorr   .          Rampage  .   (gloves unavailable)
Will    .....                   (boots unavailable)
Stlth   +.........              (no amulet)
HPRegen 1.08/turn               (no ring)
MPRegen 0.12/turn               (no ring)

@: mighty, brilliant, gold aura, invisible
A: large, unfitting armour, claws 3, regeneration 1, shaggy fur 1, tough skin 1
a: Renounce Religion, Evoke Invisibility, Potion Petition, Call Merchant, Bribe
Branch


You were on level 11 of the Dungeon.
You worshipped Gozag.
Gozag was pleased with you.
You visited 2 branches of the dungeon, and saw 12 of its levels.
You also visited: Sewer.

You collected 1474 gold pieces.
You spent 138 gold pieces at shops.
You paid 368 gold pieces to Gozag.

Inventory:

Hand Weapons
 v - a +0 scimitar of flaming (weapon)
Armour
 g - a scarf of invisibility (worn)
 n - a +2 hat (worn)
 o - +0 swamp dragon scales (worn)
Wands
 a - a wand of polymorph (8)
 m - a wand of iceblast (15)
 q - a wand of acid (8)
 s - a wand of flame (23)
 u - a wand of digging (20)
Scrolls
 d - 2 scrolls of brand weapon
 p - 6 scrolls of teleportation
 w - a scroll of vulnerability {unknown}
 A - a scroll of fear {unknown}
 C - a scroll of blinking
Potions
 b - 3 potions of flight
 c - 6 potions of curing
 e - 3 potions of might
 f - 2 potions of mutation
 j - 2 potions of haste
 k - 2 potions of berserk rage
 l - 3 potions of heal wounds
 r - a potion of cancellation
 t - a potion of invisibility
 x - a potion of lignification
 z - a potion of ambrosia
 B - a potion of magic


   Skills:
 - Level 8.6 Fighting
 * Level 0.0 Long Blades
 - Level 6.3 Armour
 - Level 2.4 Dodging
 - Level 1.0 Stealth
 - Level 14.0 Unarmed Combat


You had 10 spell levels left.
You didn't know any spells.
Your spell library contained the following spells:

 Spells                   Type           Power      Damage    Failure   Level
 Foxfire                  Conj/Fire      0%         2x1d4     58%         1
 Sandblast                Erth           0%         2d4       58%         1
 Shock                    Conj/Air       0%         1d3       58%         1
 Blink                    Tloc           0%         N/A       73%         2
 Ensorcelled Hibernation  Hex/Ice        0%         N/A       73%         2
 Passwall                 Tmut/Erth      0%         N/A       73%         2
 Call Canine Familiar     Summ           0%         N/A       91%         3
 Portal Projectile        Hex/Tloc       0%         N/A       91%         3
 Stone Arrow              Conj/Erth      0%         3d7       91%         3
 Swiftness                Air            0%         N/A       91%         3
 Airstrike                Air            0%         N/A       100%        4
 Iskenderun's Mystic Bla  Conj/Tloc      0%         2d3       100%        4
 Leda's Liquefaction      Hex/Erth       0%         N/A       100%        4
 Fireball                 Conj/Fire      0%         3d3       100%        5
 Freezing Cloud           Conj/Ice/Air   0%         6-21      100%        5
 Silence                  Hex/Air        0%         N/A       100%        5
 Summon Forest            Summ/Tloc      0%         N/A       100%        5
 Fire Storm               Conj/Fire      0%         5d1       100%        9


Dungeon Overview and Level Annotations

Branches:
Dungeon (11/15)            Temple (1/1) D:6            Lair (0/6) D:11
    Orc (0/2) D:9           Sewer (visited)

Altars:
Ashenzari
Cheibriados
Dithmenos
Elyvilon
Fedhas
Gozag
Hepliaklqana
Kikubaaqudgha
Makhleb
Nemelex Xobeh
Okawaru
Qazlal
Ru
Sif Muna
Trog
Uskayaw
Vehumet
Wu Jian
Xom
Yredelemnul
Zin
The Shining One

Shops:
D:9 (   D:11 ?

Annotations:
D:5 1 runed translucent door, MisterFreud's ghost, novice MfTm
D:6 2 transporters, Domino's ghost, novice DECj
D:11 1 transporter, diceflayer's ghost, journeyman NaBe


Innate Abilities, Weirdness & Mutations

You are too large for most types of armour.
You have claws for hands.
Your natural rate of healing is unusually fast.
You are covered in fur. (AC +1)
You have tough skin. (AC +1)


Message History

The five-headed hydra is heavily wounded.
The five-headed hydra bites you! x2; The five-headed hydra bites you.
The five-headed hydra barely misses you.
The five-headed hydra bites you! x2
* * * LOW HITPOINT WARNING * * *
The five-headed hydra bites you but does no damage.
The five-headed hydra completely misses you.
The five-headed hydra bites you.
* * * LOW HITPOINT WARNING * * *
The five-headed hydra bites you!
* * * LOW HITPOINT WARNING * * *
[a] - 392 gold - haste and brilliance [b] - 480 gold - haste and resistance [c] - 368 gold - might, brilliance and invisibility Purchase which effect?
You feel very mighty all of a sudden.
You feel clever all of a sudden.
You fade into invisibility!
The five-headed hydra bites you.
* * * LOW HITPOINT WARNING * * *
The five-headed hydra bites you.
* * * LOW HITPOINT WARNING * * *
The five-headed hydra barely misses you.
The five-headed hydra bites you.
* * * LOW HITPOINT WARNING * * *
The five-headed hydra barely misses you.
You slice one of the five-headed hydra's heads off!
The flame cauterises the wound!
You slice the four-headed hydra!! You burn the four-headed hydra!
The four-headed hydra is almost dead.
The four-headed hydra bites you but does no damage. x2
The four-headed hydra closely misses you. x2
You slice one of the four-headed hydra's heads off!
The flame cauterises the wound!
You slash the three-headed hydra! You burn the three-headed hydra.
The three-headed hydra is almost dead.
The three-headed hydra closely misses you.
The three-headed hydra barely misses you.
The three-headed hydra bites you!
You die...
Your body crumbles into a pile of gold.

#...........# #.(.........#
#..........!# ..
#.∩.........# ...
#####...........# #..
##...............# ...
##..###©####......##.# .
#..##y### #####..#..# ..
..##yYy.y yylW#@)..# ...
#.#yyy.# #yyD##D#####....
#.#yy##l yyylly#hh##......
..#...#..©.y##yy#Y.#.......
.##.#..y..#...yY#.....P.Y..
.# .y. ## ..##.##........>.
.## .#.. $ ...#..#........
.)# #. ## #.. #.###..P....
....### ## #.. #......


You could see a three-headed hydra, an elephant and 2 black bears.

Vanquished Creatures
  Erica (D:8)
  A two-headed ogre (D:10)
  Pikel (D:5)
  An orc knight (D:10)
  A deep elf pyromancer (D:10)
  2 cyclopes
  3 centaur zombies (D:10)
  2 gargoyles
  An unseen horror (D:10)
  Maggie (D:7)
  A meliai zombie (D:10)
  A centaur simulacrum (D:10)
  A wraith (D:10)
  2 wyverns
  11 yaks
  A steam dragon (D:4)
  2 water moccasins
  A black bear (D:6)
  A hornet zombie (D:7)
  7 orc warriors
  3 necrophages
  3 centaurs
  4 phantoms
  2 lemures (D:5)
  2 kobold brigands
  2 gnoll sergeants
  2 bullfrogs (D:7)
  A scorpion (D:6)
  6 killer bees (D:10)
  5 wights
  3 electric eels (D:10)
  A bullfrog zombie (D:6)
  4 hounds
  3 lava snakes (D:8)
  A centaur skeleton (D:7)
  2 orc priests
  3 jellies
  2 gnoll shamans
  5 orc wizards
  An iguana (D:6)
  A howler monkey zombie (D:6)
  19 gnolls
  A howler monkey skeleton (D:4)
  9 adders
  An adder skeleton (D:4)
  2 worms
  3 dart slugs
  20 orcs
  10 ball pythons
  4 bats
  8 endoplasms
  6 giant cockroaches
  7 goblins
  6 hobgoblins
  7 jackals
  9 kobolds
  6 quokkas
  2 frilled lizards (D:1)
  7 rats
225 creatures vanquished.

Notes
Turn   | Place    | Note
-------+----------+-------------------------------------------
     0 | D:1      | sking99 the Troll Monk began the quest for the Orb.
     0 | D:1      | Reached XP level 1. HP: 22/22 MP: 0/0
   166 | D:1      | Reached XP level 2. HP: 25/29 MP: 1/1
   630 | D:1      | Found a faded altar of an unknown god.
  1051 | D:2      | Reached skill level 4 in Unarmed Combat
  1051 | D:2      | Reached XP level 3. HP: 32/36 MP: 2/2
  1097 | D:2      | Reached XP level 4. HP: 45/45 MP: 3/3
  1735 | D:2      | Got the Incunabulum of Congealing Translocation
  1998 | D:3      | Noticed a phantom
  2031 | D:3      | Killed a phantom
  2032 | D:3      | Reached skill level 5 in Unarmed Combat
  2032 | D:3      | Reached XP level 5. HP: 16/53 MP: 4/4
  2252 | D:3      | Found a glowing golden altar of the Shining One.
  2465 | D:3      | Found a glowing drain.
  2482 | Sewer    | Entered a sewer
  2540 | Sewer    | Noticed a water moccasin
  2545 | Sewer    | Killed a water moccasin
  2546 | Sewer    | Reached skill level 6 in Unarmed Combat
  2546 | Sewer    | Reached XP level 6. HP: 56/62 MP: 5/5
  2806 | D:4      | Noticed a steam dragon
  2944 | D:4      | Killed a steam dragon
  2945 | D:4      | Reached XP level 7. HP: 30/70 MP: 6/6
  3030 | D:4      | Reached skill level 7 in Unarmed Combat
  3425 | D:5      | Entered Level 5 of the Dungeon
  3427 | D:5      | Found a runed translucent door.
  3438 | D:5      | Noticed MisterFreud's ghost (novice MfTm)
  3531 | D:5      | Noticed Pikel
  3540 | D:5      | Killed Pikel
  3541 | D:5      | Reached skill level 5 in Fighting
  3541 | D:5      | Reached skill level 8 in Unarmed Combat
  3541 | D:5      | Reached XP level 8. HP: 55/80 MP: 7/7
  3681 | D:5      | Found a shimmering blue altar of Sif Muna.
  4087 | D:6      | Got the Disquisition on the Blaze and Execration
  4094 | D:6      | Reached skill level 9 in Unarmed Combat
  4097 | D:6      | Found a transporter.
  4097 | D:6      | Noticed a troll
  4103 | D:6      | Noticed Domino's ghost (novice DECj)
  4109 | D:6      | Found a staircase to the Ecumenical Temple.
  4121 | Temple   | Entered the Ecumenical Temple
  4225 | Temple   | Became a worshipper of Gozag Ym Sagoz the Greedy
  4241 | D:6      | Noticed a cyclops
  4250 | D:6      | Killed a cyclops
  4251 | D:6      | Reached skill level 1 in Armour
  4351 | D:6      | Reached XP level 9. HP: 89/89 MP: 8/8
  4402 | D:6      | Reached skill level 10 in Unarmed Combat
  4485 | D:6      | Found a transporter.
  4762 | D:7      | Noticed Maggie
  4768 | D:7      | Killed Maggie
  5102 | D:7      | Reached skill level 11 in Unarmed Combat
  5242 | D:7      | Found a sparkling altar of Nemelex Xobeh.
  5284 | D:7      | Found a glowing silver altar of Zin.
  5408 | D:8      | Noticed a gargoyle
  5414 | D:8      | Killed a gargoyle
  5642 | D:8      | Noticed Erica
  5654 | D:8      | Killed Erica
  5655 | D:8      | Reached XP level 10. HP: 44/102 MP: 9/9
  5905 | D:9      | Found a radiant altar of Vehumet.
  6025 | D:9      | Found a staircase to the Orcish Mines.
  6025 | D:9      | Found Tumaixzei's Weapon Emporium.
  6040 | D:9      | Reached skill level 12 in Unarmed Combat
  6222 | D:9      | Noticed a cyclops
  6229 | D:9      | Killed a cyclops
  6230 | D:9      | Reached skill level 5 in Armour
  6670 | D:10     | Entered Level 10 of the Dungeon
  6687 | D:10     | Found a bloodstained altar of Trog.
  6775 | D:10     | Noticed Maurice
  6776 | D:10     | Noticed Maurice
  6776 | D:10     | Maurice changed into Maurice the dart slug
  6779 | D:10     | Killed Maurice the dart slug
  6909 | D:10     | Noticed an orc knight
  6914 | D:10     | Noticed a deep elf pyromancer
  6942 | D:10     | Killed an orc knight
  6943 | D:10     | Reached skill level 13 in Unarmed Combat
  6947 | D:10     | Reached XP level 11. HP: 27/111 MP: 10/10
  7096 | D:10     | Killed a deep elf pyromancer
  7302 | D:10     | Noticed a two-headed ogre
  7311 | D:10     | Killed a two-headed ogre
  7960 | D:10     | Reached skill level 14 in Unarmed Combat
  8143 | D:11     | Found a transporter.
  8144 | D:11     | Found Uttiqaturu's Magic Scroll Shoppe.
  8149 | D:11     | Bought a scroll of blinking for 90 gold pieces
  8149 | D:11     | Bought a scroll of identify for 24 gold pieces
  8149 | D:11     | Bought a scroll of identify for 24 gold pieces
  8159 | D:11     | Noticed diceflayer's ghost (journeyman NaBe)
  8162 | D:11     | Noticed a five-headed hydra
  8178 | D:11     | Found a staircase to the Lair.
  8179 | D:11     | Noticed a seven-headed hydra
  8195 | D:11     | Slain by a three-headed hydra

Illustrated notes

Levels and vault maps discovered:
D:1:      dpeg_arrival_line_fractal, layout_loops_corners,
          ebering_ecumenical_altar_hall
D:2:      layout_basic, hangedman_decor_slide_cut, roderic_nine_men_s_morris,
          grunt_ministairs_13
D:3:      layout_basic, tso_altar, gup_sewer_entry_pipe,
          minmay_misc_feat_four_crosses, chequers_serial_rivers_marsh
D:4:      layout_rooms, grunt_tough_drop
D:5:      layout_basic, lemuel_coloured_pillars_altar, ebering_ghost_sewer_d,
          uniq_pikel
D:6:      layout_cave_pools, minmay_temple_entry_glassed_door,
          gammafunk_ghost_arena
D:7:      layout_rooms, nemelex_diamond_rough_becter, zin_academy,
          nrook_pool_corridor, uniq_maggie
D:8:      layout_rooms, grunt_decor_junction, hangedman_decor_lopped, uniq_erica
D:9:      layout_irregular_city, nicolae_vehumet_radiance, orc_david_3
D:10:     cheibrodos_fzero, layout_basic, lemuel_crystal_altar, uniq_maurice
D:11:     layout_roguey, david_lair_generic, gammafunk_ghost_berserking_beasts,
          serial_shops, shop, shop, shop, nicolae_inconvenience_store, shop
Temple:   lightli_temple_of_artemis

Skill      XL: |  1  2  3  4  5  6  7  8  9 10 11 |
---------------+----------------------------------+-----
Unarmed Combat | 4 5 6 8 9 11 13 14 | 14.0
Fighting       | 3 4 5 6 7 8 |  8.6
Armour         | 1 4 5 6 |  6.3
Dodging        | |  2.4
Stealth        | |  1.0

Action                   |  1- 3 |  4- 6 |  7- 9 | 10-12 || total
-------------------------+-------+-------+-------+-------++-------
Melee: Unarmed           |    49 |   137 |   247 |   210 ||   643
       Punch             |     2 |     9 |    13 |    15 ||    39
       Scimitar          |       |       |       |     5 ||     5
Invok: Potion Petition   |       |       |       |     1 ||     1
Evoke: Wand              |       |       |       |     1 ||     1
  Use: Scroll            |       |     7 |     6 |     7 ||    20
       Potion            |       |     1 |     1 |       ||     2
 Stab: Sleeping          |     1 |       |       |       ||     1
       Distracted        |       |       |       |     1 ||     1
Armor: Robe              |    15 |    41 |       |       ||    56
       Steam dragon scal |       |       |    42 |       ||    42
       Swamp dragon scal |       |       |    69 |    98 ||   167
Dodge: Dodged            |    14 |    73 |   104 |    93 ||   284
